Description

Basic TvZ harras from ELESTRAGO

VOD

https://www.youtube.com/watch?v=NRqM2i0JOc0

Replay - TvZ harras

Build Order

Get SALT Encoding   

  14  0:18  Supply Depot  
  15  0:28  Refinery  
  16  0:45  Barracks  
  19  1:33  Orbital Command, Reaper  
  20  1:46  Command Center  
  20  1:58  Factory  
  21  2:07  Barracks Reactor  
  21  2:15  Supply Depot  
  23  2:42  Refinery  
  24  2:45  Starport  
  25  2:51  Hellion x2  
  25  2:53  Marine  
  30  2:59  Orbital Command  
  31  3:06  Liberator  
  31  3:23  Hellion x2  
  31  3:24  Marine  
  41  3:44  Hellion x2  
  45  3:49  Barracks Tech Lab  
  46  4:03  Supply Depot x2  
  46  4:24  Medivac, Widow Mine x2  
  46  4:28  Engineering Bay  
  56  4:49  Marine  
  59  4:53  Command Center  
  59  5:04  Factory Reactor  
  62  5:30  Engineering Bay x2  
  62  5:32  Barracks x2  
  62  5:38  Marine  
  64  5:46  Refinery x2  
  64  5:51  Barracks x2  
Spawning Tool Build Advisor. Get it on Overwolf

Go to:

Details

  • Created by: CiZerin
  • Published on: Jun 27, 2017
  • Modified on: Jun 27, 2017
  • Patch: 3.8.0
Show
View Real Time Build Order
Export as new Build Order

Comments (0)

There are no comments. Be the first!

Create an account to comment!